 Dungeon Crawl Stone Soup version 0.31-a0-925-g0a390f2509 (webtiles) character file.

Game seed: 10064323974216669932

766 Dordric the Magician (level 8, -2/50 HPs)
             Began as a Djinni Fire Elementalist on Oct 18, 2023.
             Slain by a gnoll
             ... wielding a +0 spear
             ... led by a gnoll sergeant
              (6 damage)
             ... on level 6 of the Dungeon.
             The game lasted 00:11:45 (4039 turns).

Dordric the Magician (Djinni Fire Elementalist)     Turns: 4039, Time: 00:11:46

Health: -2/50      AC:  4    Str:  7    XL:     8   Next: 8%
Gold:   291        EV: 12    Int: 20    God:
                   SH:  0    Dex: 13

rFire   + + .        (no weapon)
rCold   x . .        (no shield)
rNeg    . . .        a - +0 robe
rPois   ∞            (no helmet)
rElec   .            g - +0 cloak
rCorr   .            k - +0 pair of gloves
SInv    .            (boots unavailable)
Will    .....        (no amulet)
Stlth   ++           (no ring)
HPRegen 0.28/turn    (no ring)
MPRegen 0.00/turn

%: infuse magic (-3 HP)
@: flying
A: sickness immunity, fire resistance 2, cold vulnerability 1, float, innate
caster, HP casting, extra vitality 1
a: no special abilities


You were on level 6 of the Dungeon.
You visited 1 branch of the dungeon, and saw 6 of its levels.

You collected 291 gold pieces.

Inventory:

Armour
 a - a +0 robe (worn)
 g - a +0 cloak (worn)
 k - a +0 pair of gloves (worn)
 l - a +0 leather armour
Wands
 r - a wand of mindburst (14)
 t - a wand of flame (17)
 u - a wand of polymorph (8)
Scrolls
 f - a scroll of vulnerability
 j - 3 scrolls of amnesia
 n - a scroll of immolation
 p - 2 scrolls of blinking
 q - a scroll of revelation {unknown}
 s - a scroll of torment
 v - a scroll of identify
Potions
 b - a potion of might
 c - a potion of ambrosia {unknown}
 d - 6 potions of curing
 e - a potion of degeneration {unknown}
 i - a potion of invisibility {unknown}
 m - a potion of magic {unknown}
 o - 2 potions of enlightenment {unknown}


   Skills:
 - Level 2.5 Dodging
 - Level 1.9 Stealth
 + Level 6.8 Spellcasting
 + Level 6.8 Conjurations
 + Level 6.8 Hexes
 + Level 6.8 Summonings
 + Level 6.8 Necromancy
 + Level 6.8 Translocations
 + Level 6.8 Transmutations
 + Level 6.8 Fire Magic
 + Level 6.8 Ice Magic
 + Level 6.8 Air Magic
 + Level 6.8 Earth Magic
 + Level 6.8 Poison Magic


You knew the following spells:

 Your Spells              Type           Power      Damage    Failure   Level
a - Foxfire               Conj/Fire      100%       2x1d9     1%          1
b - Scorch                Fire           68%        2d7       1%          2
c - Volatile Blastmotes   Fire/Tloc      68%        2d15      1%          3
d - Inner Flame           Hex/Fire       34%        N/A       1%          3
e - Flame Wave            Conj/Fire      34%        2d10      6%          4
f - Kiss of Death         Conj/Necr      100%       2d13      1%          1
g - Lesser Beckoning      Tloc           68%        N/A       1%          2
h - Summon Guardian Gole  Hex/Summ       34%        N/A       1%          3
Your spell library was empty.

Dungeon Overview and Level Annotations

Branches:
Dungeon (6/15)
 Temple: D:4-7

Altars:
Okawaru
Qazlal
Ru
Trog


Innate Abilities, Weirdness & Mutations

You are immune to sickness and miasma.
You are immune to poison.
Your flesh is very heat resistant. (rF++)
You are vulnerable to cold. (rC-)
You float through the air rather than walking.
You learn spells naturally, not from books.
Your magical power is your life essence.
You have superior vitality. (+4 MHP)


Message History

Casting: Summon Guardian Golem (dangerous; 2% risk of failure)
Confirm with . or Enter, or press ? or * to list all spells.
Flames lash Edmund.
Flame seeps out of Edmund.
Edmund is lightly wounded.
Edmund's fire resistance burns away.
Edmund is engulfed in blazing flames.
Flame seeps out of Edmund.
Casting: Scorch (safe; 1% risk of failure)
Confirm with . or Enter, or press ? or * to list all spells.
Flames lash Edmund.
Edmund is burned terribly!
Flame seeps out of Edmund.
Edmund is severely wounded.
Edmund is engulfed in blazing flames.
Flame seeps out of Edmund.
Edmund attacks as he pursues you!
Edmund hits you with a +7 heavy dire flail!
Casting: Scorch (safe; 1% risk of failure)
Confirm with . or Enter, or press ? or * to list all spells.
Flames lash Edmund.
Edmund is burned terribly!
The gnoll sergeant shouts!
Edmund explodes!
The fiery explosion engulfs your guardian golem but does no damage.
The fiery explosion engulfs you! You resist.
* * * LOW HITPOINT WARNING * * *
You are engulfed in blazing flames.
You resist.
* * * LOW HITPOINT WARNING * * *
You hear a croak.
You hear a shout! x2; You hear an angry hiss.
The bullfrog hits your guardian golem.
You have reached level 8!
You feel clever.
A bullfrog comes into view.
The bullfrog hits your guardian golem.
As you read the scroll of teleportation, it crumbles to dust.
You feel strangely unstable.
The bullfrog hits your guardian golem but does no damage.
The bullfrog hits your guardian golem.
An adder comes into view.
The adder hisses angrily.
The bullfrog hits your guardian golem.
Your surroundings suddenly seem different. 3 gnolls come into view.
The gnoll hits you from afar with a +0 spear.
You die...

.. #.# . #.## ##.
##########.. #..
#.....(..>##.###.#
#.........##...#.#######
#......F..# ##..........
#.........###...@...#
#.....§§..g..g...####
#.....§§§...###.g#
#.....9§§.### ....
#......F.?# ..##.
#.........# #g# ..
#.........# .. .#
##.....S#...#. ##
#..........


You could see a gnoll sergeant and 3 gnolls.

Vanquished Creatures
  Edmund (D:6)
  An ice beast (D:4)
  A phantom (D:5)
  2 scorpions (D:4)
  A gnoll bouda (D:4)
  A hound (D:4)
  A jelly (D:4)
  Ijyb (D:3)
  2 iguanas (D:5)
  2 adders (D:2)
  7 gnolls
  A white imp (D:4)
  2 worms (D:2)
  4 dart slugs
  3 orcs
  9 ball pythons
  3 endoplasms
  2 giant cockroaches (D:2)
  9 goblins
  7 hobgoblins
  3 jackals (D:3)
  12 kobolds
  6 quokkas
  4 bats
  2 frilled lizards
  4 rats
  A spectral hobgoblin (D:3)
92 creatures vanquished.

Vanquished Creatures (others)
  216 foxfires
216 creatures vanquished.

Grand Total: 308 creatures vanquished

Notes
Turn   | Place    | Note
-------+----------+-------------------------------------------
     0 | D:1      | Dordric the Djinni Fire Elementalist began the quest for
                  | the Orb.
     0 | D:1      | Dordric set off with the following spells memorised:
                  | Foxfire, Scorch, Volatile Blastmotes, Inner Flame, Flame
                  | Wave.
     0 | D:1      | Reached XP level 1. HP: 15/15 MP: 0/0
   130 | D:1      | Reached XP level 2. HP: 14/21 MP: 0/0
  1036 | D:2      | Reached XP level 3. HP: 24/25 MP: 0/0
  1036 | D:2      | Learned a level 1 spell: Kiss of Death
  1464 | D:2      | Reached XP level 4. HP: 30/31 MP: 0/0
  1622 | D:2      | Found a stormy altar of Qazlal.
  1874 | D:3      | Noticed Ijyb
  2085 | D:3      | Found a faded altar of an unknown god.
  2196 | D:3      | Found a sacrificial altar of Ru.
  2202 | D:3      | Found a bloodstained altar of Trog.
  2205 | D:3      | Found an iron altar of Okawaru.
  2208 | D:3      | Reached XP level 5. HP: 25/35 MP: 0/0
  2208 | D:3      | Learned a level 2 spell: Lesser Beckoning
  2421 | D:3      | Killed Ijyb
  2461 | D:3      | You are sucked into a shaft and drop 2 floors!
  2461 | D:5      | Entered Level 5 of the Dungeon
  2564 | D:4      | Reached XP level 6. HP: 35/40 MP: 0/0
  2568 | D:4      | Noticed an ice beast
  2569 | D:4      | Reached skill level 5 in Spellcasting
  2569 | D:4      | Reached skill level 5 in Conjurations
  2569 | D:4      | Reached skill level 5 in Hexes
  2569 | D:4      | Reached skill level 5 in Summonings
  2569 | D:4      | Reached skill level 5 in Necromancy
  2569 | D:4      | Reached skill level 5 in Translocations
  2569 | D:4      | Reached skill level 5 in Transmutations
  2569 | D:4      | Reached skill level 5 in Fire Magic
  2569 | D:4      | Reached skill level 5 in Ice Magic
  2569 | D:4      | Reached skill level 5 in Air Magic
  2569 | D:4      | Reached skill level 5 in Earth Magic
  2569 | D:4      | Reached skill level 5 in Poison Magic
  2572 | D:4      | Killed an ice beast
  2762 | D:4      | Reached XP level 7. HP: 41/45 MP: 0/0
  2762 | D:4      | Learned a level 3 spell: Summon Guardian Golem
  4027 | D:6      | Noticed Edmund
  4035 | D:6      | Killed Edmund
  4035 | D:6      | HP: 2/45 [cloud of flame (8)]
  4036 | D:6      | Reached XP level 8. HP: 3/50 MP: 0/0
  4039 | D:6      | Slain by a gnoll

Illustrated notes

Levels and vault maps discovered:
D:1:      giann_forest_graveyard, layout_basic, serial_corexii_hall,
          chequers_hall_statues_corner_a, corexii_hall_statues_l,
          nicolae_kite_square_tiling_tiny, minmay_heptomino_o4
D:2:      layout_loops_cross, basic_altar, dreamdust_mushroom_princess
D:3:      layout_rooms, minmay_overflow_temple_hex,
          grunt_temple_overflow_cloverleaf,
          dreamdust_ecumenical_altar_drowned_temple, uniq_ijyb
D:4:      layout_rooms
D:5:      layout_basic
D:6:      layout_rooms, minmay_temple_entry_glass, minivault_1,
          uniq_crazy_yiuf_cottage, uniq_edmund

Skill      XL: |  1  2  3  4  5  6  7 |
---------------+----------------------+-----
Spellcasting   | 4 5 6 |  6.8
Conjurations   | 4 5 6 |  6.8
Hexes          | 4 5 6 |  6.8
Summonings     | 4 5 6 |  6.8
Necromancy     | 4 5 6 |  6.8
Translocations | 4 5 6 |  6.8
Transmutations | 4 5 6 |  6.8
Fire Magic     | 4 5 6 |  6.8
Ice Magic      | 4 5 6 |  6.8
Air Magic      | 4 5 6 |  6.8
Earth Magic    | 4 5 6 |  6.8
Poison Magic   | 4 5 6 |  6.8
Dodging        | |  2.5
Stealth        | |  1.9

Action                     |  1- 3 |  4- 6 |  7- 9 || total
---------------------------+-------+-------+-------++-------
  Melee: Unarmed           |     4 |       |       ||     4
   Cast: Foxfire           |    75 |    45 |    13 ||   133
         Volatile Blastmot |     3 |     2 |     6 ||    11
         Scorch            |     2 |    14 |     7 ||    23
         Inner Flame       |       |     7 |    12 ||    19
         Summon Guardian G |       |       |     1 ||     1
    Use: Scroll            |       |     4 |     7 ||    11
 Armour: Robe              |    12 |    10 |     7 ||    29
  Dodge: Dodged            |    23 |     5 |       ||    28

Table legend: (Time is in decaauts)
 A = Elapsed time spent in this place.
 B = Non-inter-level travel time spent in this place.
 C = Inter-level travel time spent in this place.
 D = Time resting spent in this place.
 E = Time spent auto-exploring this place.
 F = Levels seen in this place.
 G = Mean time per level.
                   A        B        C        D        E       F      G
               +--------+--------+--------+--------+--------+-----+--------+
         Total |   4039 |   3726 |    313 |    357 |   2628 |   6 |  673.2 |
       Dungeon |   4039 |   3726 |    313 |    357 |   2628 |   6 |  673.2 |
               +--------+--------+--------+--------+--------+-----+--------+

Top non-repeatable levels by time:
     D:1: 998 daAuts
     D:2: 865 daAuts
     D:4: 803 daAuts
     D:5: 762 daAuts
     D:3: 598 daAuts
     D:6: 11 daAuts
